 Dungeon Crawl Stone Soup version 0.23-a0-239-g84a5ed292d (webtiles) character file.

583508 Jesh the Archmage (level 26, -19/132 HPs)
             Began as a Spriggan Enchanter on Sept 26, 2018.
             Was the Champion of Dithmenos.
             Killed from afar by an oklob plant (28 damage)
             ... with an exploding inner flame
             ... hexed by the player character
             ... on level 13 of a ziggurat.
             The game lasted 06:19:22 (89702 turns).

Jesh the Archmage (Spriggan Enchanter)             Turns: 89702, Time: 06:19:33

Health: -19/132    AC: 21    Str: 13    XL:     26   Next: 0%
Magic:  41/49      EV: 34    Int: 34    God:    Dithmenos [******]
Gold:   10543      SH:  2    Dex: 18    Spells: 43/79 levels left

rFire    . . .     SeeInvis +   K - +9 rapier (elec)
rCold    . . .     Gourm    .   (shield restricted)
rNeg     . . .     Faith    .   a - +4 faerie dragon scales {+Inv rCorr Int+5 Slay+2}
rPois    +         Spirit   .   Y - +1 hat of the Demon Prince {MR- Int+7}
rElec    .         Reflect  +   z - +2 cloak
rCorr    +         Harm     .   (gloves unavailable)
MR       +++..     Clarity  +   (boots unavailable)
Stlth    ++++++++++             h - amulet of Omoolub {Reflect Int+2 SH+2}
HPRegen  0.32/turn              j - +3 ring of slaying
MPRegen  0.31/turn              b - +5 ring of protection

@: very slightly contaminated, wreathed by umbra, studying 3 skills, invisible,
deflect missiles, very quick
A: very small, unfitting armour, antennae 1, icy blue scales 1, see invisible,
clarity, herbivore, speed 3, frail 1, low mp 1, poison resistance, slow
metabolism 2, strong 1, MP-powered wands
}: 3/15 runes: barnacled, silver, gossamer
a: Shadow Step, Shadow Form, Renounce Religion


You were on level 13 of a ziggurat.
You worshipped Dithmenos.
Dithmenos was exalted by your worship.
You were full.

You visited 11 branches of the dungeon, and saw 49 of its levels.
You visited 1 ziggurat, and saw 13 of its levels.
You also visited: Ossuary, Volcano, Wizlab and Desolation.

You collected 11493 gold pieces.
You spent 950 gold pieces at shops.

Inventory:

Hand Weapons
 y - a +8 quick blade of distortion
 K - a +9 rapier of electrocution (weapon)
Missiles
 N - 7 throwing nets (quivered)
Armour
 a - the +4 faerie dragon scales (worn) {+Inv rCorr Int+5 Slay+2}
   (You took it off the Enchantress on level 1 of the Depths)

   It affects your intelligence (+5).
   It affects your accuracy and damage with ranged weapons and melee attacks
   (+2).
   It lets you turn invisible.
   It provides partial protection from all sources of acid and corrosion.
 z - a +2 cloak (worn)
 Y - the +1 hat of the Demon Prince (worn) {MR- Int+7}
   (You found it on level 1 of the Orcish Mines)

   It affects your intelligence (+7).
   It affects your resistance to hostile enchantments.
Jewellery
 b - a +5 ring of protection (right hand)
 h - the amulet of Omoolub (around neck) {Reflect Int+2 SH+2}
   (You found it in the Desolation of Salt)

   [amulet of reflection]

   It shields you and reflects attacks.
   It affects your intelligence (+2).
   It affects your SH (+2).
 j - a +3 ring of slaying (left hand)
Wands
 p - a wand of clouds (5)
 x - a wand of iceblast (40)
 B - a wand of paralysis (44)
 I - a wand of acid (22)
 O - a wand of enslavement (24)
Scrolls
 e - a scroll of magic mapping
 f - 2 scrolls of silence
 l - 21 scrolls of teleportation
 q - 35 scrolls of remove curse
 s - 3 scrolls of blinking
 v - 2 scrolls of immolation
 D - 14 scrolls of fog
 P - 20 scrolls of identify
 T - 13 scrolls of fear
 V - 3 scrolls of summoning
Potions
 c - 4 potions of flight
 g - a potion of experience
 k - 23 potions of mutation
 m - 3 potions of heal wounds
 n - 20 potions of curing
 o - 12 potions of brilliance
 r - 3 potions of might
 t - 8 potions of cancellation
 A - 3 potions of magic
 M - a potion of agility
 S - 4 potions of berserk rage
 U - 3 potions of resistance
 X - 5 potions of ambrosia
Books
 C - a manual of Fire Magic
 E - a manual of Short Blades
 Z - a manual of Armour
Miscellaneous
 J - 6 sacks of spiders
 L - 2 phantom mirrors
Comestibles
 d - 35 rations


   Skills:
 - Level 18.0 Fighting
 + Level 21.0 Short Blades
 - Level 20.0 Dodging
 + Level 26.1 Stealth
 O Level 27 Spellcasting
 - Level 19.0 Hexes
 - Level 8.0 Charms
 - Level 5.0 Necromancy
 - Level 5.0 Air Magic
 - Level 9.0 Evocations


You had 43 spell levels left.
You knew the following spells:

 Your Spells              Type           Power        Failure   Level  Hunger
a - Ensorcelled Hibernat  Hex/Ice        ######       1%          2    None
b - Corona                Hex            #######      0%          1    None
c - Confuse               Hex            ########     0%          3    None
d - Tukima's Dance        Hex            ########     0%          3    None
e - Dazzling Spray        Conj/Hex       ######       1%          3    None
f - Discord               Hex            ########..   1%          8    None
g - Dispel Undead         Necr           ######..     2%          5    None
h - Deflect Missiles      Chrm/Air       ######....   7%          6    None
i - Summon Mana Viper     Hex/Summ       #######.     1%          5    None

Your spell library contained the following spells:

 Spells                   Type           Power        Failure   Level  Hunger
 Confusing Touch          Hex            ######       0%          1    None
 Slow                     Hex            ########     0%          2    None
 Cause Fear               Hex            ########..   0%          4    None
 Animate Skeleton         Necr           N/A          1%          1    None
 Apportation              Tloc           #####.       1%          1    None
 Beastly Appendage        Tmut           #####.       1%          1    None
 Flame Tongue             Conj/Fire      #####        1%          1    None
 Freeze                   Ice            ####         1%          1    None
 Magic Dart               Conj           ####         1%          1    None
 Pain                     Necr           ####         1%          1    None
 Sandblast                Erth           #####.       1%          1    None
 Shock                    Conj/Air       ####         1%          1    None
 Sting                    Conj/Pois      ####         1%          1    None
 Summon Butterflies       Summ           #####...     1%          1    None
 Summon Small Mammal      Summ           ####         1%          1    None
 Blink                    Tloc           N/A          1%          2    None
 Call Imp                 Summ           #####...     1%          2    None
 Corpse Rot               Necr           N/A          1%          2    None
 Passwall                 Tmut/Erth      #####...     1%          2    None
 Poisonous Vapours        Pois/Air       ######       1%          2    None
 Shroud of Golubria       Chrm/Tloc      ######....   1%          2    None
 Song of Slaying          Chrm           #######.     1%          2    None
 Sticks to Snakes         Tmut           #####...     1%          2    None
 Sublimation of Blood     Necr           ######....   1%          2    None
 Swiftness                Chrm/Air       ######..     1%          2    None
 Throw Frost              Conj/Ice       #####.       1%          2    None
 Call Canine Familiar     Summ           #####...     1%          3    None
 Conjure Flame            Conj/Fire      #####...     1%          3    None
 Gell's Gravitas          Tloc           #####.....   1%          3    None
 Ignite Poison            Fire/Tmut/Pois #####...     1%          3    None
 Inner Flame              Hex/Fire       #######.     1%          3    None
 Lesser Beckoning         Tloc           #####.....   1%          3    None
 Mephitic Cloud           Conj/Pois/Air  ######..     1%          3    None
 Ozocubu's Armour         Chrm/Ice       ######..     1%          3    None
 Portal Projectile        Hex/Tloc       ######       1%          3    None
 Recall                   Summ/Tloc      N/A          1%          3    None
 Regeneration             Chrm/Necr      ######....   1%          3    None
 Spider Form              Tmut/Pois      #####.....   1%          3    None
 Static Discharge         Conj/Air       ######..     1%          3    None
 Stone Arrow              Conj/Erth      #####.       1%          3    None
 Teleport Other           Tloc           #####...     1%          3    None
 Vampiric Draining        Necr           ######....   1%          3    None
 Airstrike                Air            ######....   1%          4    None
 Animate Dead             Necr           N/A          1%          4    None
 Leda's Liquefaction      Hex/Erth       #######...   1%          4    None
 Excruciating Wounds      Chrm/Necr      ######....   1%          5    None
 Metabolic Englaciation   Hex/Ice        #######...   1%          5    None
 Silence                  Hex/Air        #######...   1%          5    None
 Yara's Violent Unravell  Hex/Tmut       #######...   1%          5    None
 Darkness                 Hex            ########..   1%          6    None
 Summon Lightning Spire   Summ/Air       ######..     2%          4    None
 Agony                    Necr           ######..     2%          5    None
 Ice Form                 Ice/Tmut       #####...     7%          4    None
 Iskenderun's Mystic Bla  Conj           #####...     7%          4    None
 Olgreb's Toxic Radiance  Pois           #####...     7%          4    None
 Passage of Golubria      Tloc           N/A          7%          4    None
 Petrify                  Tmut/Erth      #####...     7%          4    None
 Summon Ice Beast         Ice/Summ       #####...     7%          4    None
 Throw Icicle             Conj/Ice       #####...     7%          4    None
 Bolt of Draining         Conj/Necr      ######....   7%          5    None
 Borgnjor's Vile Clutch   Necr/Erth      ######....   7%          5    None
 Lightning Bolt           Conj/Air       ######....   7%          5    None
 Death Channel            Necr           ######....   13%         6    None
 Blade Hands              Tmut           #####.....   19%         5    None
 Irradiate                Conj/Tmut      #####.....   19%         5    None
 Lee's Rapid Deconstruct  Erth           #####.....   19%         5    None
 Venom Bolt               Conj/Pois      #####.....   19%         5    None
 Conjure Ball Lightning   Conj/Air       ######....   36%         6    None
 Simulacrum               Ice/Necr       ######....   36%         6    None
 Bolt of Cold             Conj/Ice       #####.....   71%         6    None
 Bolt of Fire             Conj/Fire      #####.....   71%         6    None
 Hydra Form               Tmut           #####.....   71%         6    None
 Ozocubu's Refrigeration  Ice            #####.....   71%         6    None
 Poison Arrow             Conj/Pois      #####.....   71%         6    None
 Shadow Creatures         Summ           N/A          71%         6    None
 Statue Form              Tmut/Erth      #####....    71%         6    None
 Haunt                    Necr/Summ      ######....   90%         7    None
 Death's Door             Chrm/Necr      ######....   97%         8    None
 Dragon Form              Tmut           #####.....   99%         7    None
 Malign Gateway           Summ/Tloc      #####.....   99%         7    None
 Monstrous Menagerie      Summ           #####.....   99%         7    None
 Summon Greater Demon     Summ           #####.....   99%         7    None
 Summon Hydra             Summ           #####.....   99%         7    None
 Borgnjor's Revivificati  Necr           ######....   99%         8    None
 Infestation              Necr           ######....   99%         8    None
 Chain Lightning          Conj/Air       ######....   100%        8    None
 Lehudib's Crystal Spear  Conj/Erth      #####.....   100%        8    None
 Necromutation            Tmut/Necr      ######....   100%        8    None
 Summon Horrible Things   Summ           #####.....   100%        8    None
 Dragon's Call            Summ           #####.....   100%        9    ###....
 Fire Storm               Conj/Fire      #####.....   100%        9    ###....
 Glaciate                 Conj/Ice       #####.....   100%        9    ###....
 Tornado                  Air            ######....   100%        9    ###....


Dungeon Overview and Level Annotations

Branches:
Dungeon (15/15)            Temple (1/1) D:5            Lair (6/6) D:9
 Shoals (4/4) Lair:2       Spider (4/4) Lair:3        Slime (0/5) Lair:6
    Orc (2/2) D:9             Elf (3/3) Orc:2        Vaults (5/5) D:13
  Crypt (3/3) Vaults:3       Tomb (0/3) Crypt:3      Depths (5/5) D:15
   Hell (1/1)                 Zot (0/5) Depths:5
    Dis: Hell:1         Geh: Hell:1         Coc: Hell:1         Tar: Hell:1

Altars:
Ashenzari
Cheibriados
Dithmenos
Elyvilon
Fedhas
Gozag
Hepliaklqana
Kikubaaqudgha
Makhleb
Nemelex Xobeh
Okawaru
Qazlal
Ru
Sif Muna
Trog
Uskayaw
Vehumet
Wu Jian
Xom
Yredelemnul
Zin
The Shining One
Beogh
Jiyva

Shops:
D:5 *   D:8 [[(   D:11 (   D:15 [:(   Orc:2 =*[(   Shoals:3 *   Vaults:1 }
Vaults:2 [[(

Portals:
Hell: Depths:1 Depths:2 Depths:3 Depths:4 Depths:5
Abyss: Depths:2 Depths:3* Depths:4
Pandemonium: Depths:1 Depths:3 Depths:5

Annotations:
Lair:3 exclusion: 3 oklob plants
Shoals:3 exclusion: Roxanne, Roxanne
Zig:13 exclusion: 4 oklob plants


Innate Abilities, Weirdness & Mutations

You are very small and have problems with some larger weapons.
You are too small for most types of armour.
You have supernaturally acute eyesight. (SInv)
You are a herbivore.
You cover ground extremely quickly.
You need to consume almost no food.
You have a pair of small antennae on your head.
You are partially covered in icy blue scales. (AC +2)
You possess an exceptional clarity of mind.
You are frail. (-10% HP)
Your magical capacity is low. (-10% MP)
Your system is resistant to poisons. (rPois)
Your muscles are strong. (Str +2)
You expend magic power (3 MP) to strengthen your wands.


Message History

The ice devil explodes!
Dithmenos accepts your kill. x2
Your Short Blades skill increases to level 21!
Dithmenos accepts your kill.
You have reached level 26!
Dithmenos accepts your kill.
Unknown command.
Unknown command.
Unknown command.
You hit the oklob plant.
Lightning courses through the oklob plant!
The oklob plant is lightly damaged.
Unknown command.
You strike the helpless oklob plant from behind!
You skewer the oklob plant like a kebab!!!!
The oklob plant explodes!
The fiery explosion engulfs the oklob plant.
The oklob plant is moderately damaged.
The fiery explosion engulfs you!
You die...

▓▓.................
▓▓...................▓▓
▓.............%.%.%...▓
▓▓.....................▓
▓......................%
▓..............§§%%%))..
▓...........PP%.§§§..))[
▓▓.............P§§§§..[∩!
▓..∩.......PP§§@§§§§%.)>}
▓▓.........PPP§§§§§§..)∩?
▓..........PPP§§§§.§.?=|
▓................§§...1.
▓..............%....%.%.
▓▓..............%..%...▓
▓..............%......▓
▓▓...........%....%%.▓▓


You could see 4 oklob plants.

Vanquished Creatures
  Mara (Crypt:1)
  Mennas (Vaults:4)
  4 ancient liches
  A juggernaut (Zig:10)
  Boris (thrice) (Vaults:3 Crypt:1 Vaults:5)
  Sojobo (Vaults:5)
  A shard shrike (Zig:13)
  A caustic shrike (Zig:2)
  Xtahua (Crypt:2)
  Geryon (Hell)
  Jory (Crypt:1)
  5 golden dragons
  2 bone dragons
  the Enchantress (Depths:1)
  4 tentacled monstrosities
  Jorgrun (Spider:1)
  An Ice Fiend (Zig:13)
  4 deep elf blademasters
  A quicksilver dragon (shapeshifter) (Zig:4)
  7 liches
  A quicksilver dragon (Vaults:5)
  Polyphemus (Shoals:3)
  A deep elf master archer (Elf:3)
  5 ancient champions
  5 storm dragons
  7 sphinxes
  Donald (Elf:3)
  A shadow dragon (D:15)
  An azure jelly (shapeshifter) (Zig:4)
  A storm dragon (shapeshifter) (Vaults:4)
  Ilsuiw (Shoals:3)
  9 tengu reavers
  5 revenants
  5 fire giants
  4 draconian knights
  A balrug (Depths:4)
  2 orc warlords (Orc:2)
  8 deep elf sorcerers (Elf:3)
  7 frost giants
  3 ghost moths (Spider:4)
  A draconian scorcher (Depths:5)
  A cacodemon (Depths:3)
  14 vault wardens
  7 deep elf elementalists (Elf:3)
  6 emperor scorpions (Spider:4)
  Louise (D:15)
  3 war gargoyles (Crypt:3)
  A curse skull (Crypt:3)
  8 ghouls
  12 ironheart preservers
  7 spriggan defenders
  22 very ugly things
  A starcursed mass (Zig:5)
  5 entropy weavers
  A green draconian (Depths:5)
  6 vampire knights
  13 stone giants
  8 deep elf demonologists
  A yellow draconian (Depths:5)
  A dire elephant (Lair:6)
  2 red draconians (Depths:5)
  3 deep elf annihilators (Elf:3)
  A white draconian (Depths:5)
  A blizzard demon (Zig:13)
  Snorg (D:14)
  A black draconian (Depths:5)
  8 eidola
  6 spark wasps
  14 ettins
  5 merfolk impalers
  A green death (Depths:1)
  9 fire dragons
  4 deep elf death magi (Elf:3)
  9 ogre magi
  4 deep elf high priests
  9 merfolk javelineers
  10 great orbs of eyes
  Harold (D:11)
  2 ragged hierophants (Desolation)
  11 jiangshi
  3 mummy priests
  9 yaktaur captains
  A monstrous demonspawn (Depths:3)
  A quicksilver dragon skeleton (Crypt:3)
  13 ice dragons
  3 peacekeepers (Desolation)
  7 hydras
  7 rakshasas
  A servant of whispers (Desolation)
  6 spriggan air magi
  12 vault guards
  2 merfolk aquamancers (Shoals:4)
  3 merfolk avatars
  2 satyrs (Shoals:4)
  2 catoblepae
  8 centaur warriors
  13 two-headed ogres
  An anaconda (shapeshifter) (Depths:5)
  5 death knights
  7 tengu warriors
  7 deep troll shamans
  3 death scarabs
  A satyr (shapeshifter) (Zig:3)
  31 dancing weapons
  8 death yaks
  An alligator snapping turtle (Shoals:3)
  9 vampire magi
  5 spriggan berserkers
  A titan zombie (Vaults:4)
  Urug (Lair:4)
  12 spriggans
  2 thrashing horrors (Zig:5)
  3 deep troll earth magi
  2 sun demons (Depths:4)
  5 orc high priests (Orc:2)
  20 deep elf knights
  A swamp dragon (Zig:8)
  Sonja (Lair:3)
  An iron golem (WizLab)
  3 soul eaters
  13 hell knights
  A titan skeleton (Crypt:3)
  A storm dragon skeleton (Vaults:4)
  A death drake (shapeshifter) (Elf:3)
  35 skeletal warriors
  7 shadow wraiths
  An unseen horror (shapeshifter) (WizLab)
  An anaconda zombie (Crypt:3)
  2 unseen horrors (Vaults:1)
  3 flayed ghosts
  A quicksilver dragon simulacrum (Crypt:2)
  3 spriggan druids (Depths:4)
  4 wizards
  2 glowing orange brains
  2 lindwurms (Volcano)
  12 deep trolls
  A golden dragon skeleton (Crypt:2)
  A kraken simulacrum (Shoals:4)
  2 golden dragon zombies
  11 sea snakes
  An obsidian statue (Zig:5)
  7 phantasmal warriors
  2 wolf spider zombies (D:15)
  6 ironbrand convokers
  2 orb spiders (shapeshifter) (WizLab)
  15 deep elf archers
  18 orb spiders
  A shadow dragon skeleton (Crypt:2)
  11 harpies
  A shining eye (Zig:12)
  6 orc sorcerers
  8 necromancers
  A mana viper (shapeshifter) (WizLab)
  11 orc knights
  53 deep elf magi
  2 oklob plants
  A stone giant zombie (Crypt:2)
  A frost giant zombie (Crypt:3)
  3 fauns (Shoals:4)
  A moth of wrath (shapeshifter) (WizLab)
  A cyclops (shapeshifter) (Vaults:5)
  7 cyclopes
  20 wolf spiders
  25 ugly things
  A manticore (shapeshifter) (Vaults:3)
  3 salamanders (shapeshifter) (WizLab)
  10 manticores
  Maurice (D:12)
  6 elephants
  9 centaur zombies
  2 shock serpent zombies
  A dire elephant zombie (Crypt:1)
  A smoke demon (Zig:5)
  5 black mambas
  7 vault sentinels
  3 guardian serpents (shapeshifter)
  A rust devil (Depths:1)
  An eye of devastation (shapeshifter) (Vaults:5)
  5 gargoyles
  6 merfolk sirens
  4 molten gargoyles (Volcano)
  2 stone giant skeletons (Crypt:3)
  9 fire giant skeletons
  A torpor snail (Lair:5)
  A guardian serpent (Desolation)
  A spiny frog (shapeshifter) (Depths:2)
  7 water nymphs
  A dire elephant skeleton (Crypt:3)
  A yaktaur (shapeshifter) (Depths:5)
  7 centaur skeletons
  A grey draconian zombie (Crypt:1)
  A rime drake (Zig:13)
  37 yaktaurs
  An emperor scorpion zombie (Crypt:1)
  10 spiny frogs
  2 ice devils (Zig:13)
  A redback zombie (D:15)
  6 freezing wraiths
  A human skeleton (Vaults:4)
  A kobold demonologist (D:15)
  7 komodo dragons
  5 guardian mummies
  15 demonic crawlers
  4 efreet
  2 komodo dragons (shapeshifter) (WizLab)
  A hellwing (Depths:3)
  6 tengu conjurers
  2 queen bees (shapeshifter)
  6 trolls
  2 meliai (shapeshifter)
  5 polar bears (shapeshifter)
  A wind drake (shapeshifter) (WizLab)
  41 jumping spiders
  6 wind drakes
  29 merfolk
  2 polar bears (Lair:6)
  A troll (shapeshifter) (WizLab)
  15 hornets
  2 red devils (Depths:1)
  3 blink frogs (shapeshifter)
  A hydra zombie (Crypt:1)
  3 bog bodies (Crypt:1)
  2 hornets (shapeshifter) (WizLab)
  5 blink frogs (Lair:3)
  7 dream sheep
  20 slime creatures
  12 snapping turtles
  A raiju (shapeshifter) (Depths:1)
  3 tengu simulacra
  18 saltlings
  A fire dragon zombie (Crypt:2)
  A jumping spider zombie (Crypt:1)
  Prince Ribbit (D:7)
  15 hippogriffs
  2 ettin zombies
  A hippogriff (shapeshifter) (WizLab)
  An alligator zombie (Crypt:3)
  An ice dragon zombie (Crypt:1)
  15 flying skulls
  61 redbacks
  A spriggan skeleton (Zig:6)
  An elf simulacrum (Zig:13)
  A tarantella (shapeshifter) (WizLab)
  6 large abominations (WizLab)
  13 vampires
  11 shadows
  17 tarantellas
  A human (D:13)
  3 air elementals
  An alligator skeleton (Crypt:2)
  A wyvern (shapeshifter) (WizLab)
  10 water elementals
  A centaur simulacrum (D:15)
  14 wraiths
  A ynoxinul (Depths:1)
  3 ettin skeletons
  A basilisk (shapeshifter) (WizLab)
  2 yaks (shapeshifter) (WizLab)
  A wyvern (D:12)
  7 fire elementals
  10 fire dragon skeletons
  8 small abominations
  3 ushabtiu (Zig:9)
  A basilisk (Lair:6)
  29 yaks
  A hog (Spider:1)
  Grum (D:9)
  3 hungry ghosts
  An elf skeleton (Depths:1)
  A human (shapeshifter) (WizLab)
  8 wargs
  A naga (shapeshifter) (WizLab)
  9 vampire mosquitoes
  A soldier ant (shapeshifter) (WizLab)
  2 acid dragons
  A soldier ant (D:15)
  A spiny frog zombie (Crypt:2)
  16 water moccasins
  A faun skeleton (Crypt:2)
  6 floating eyes
  A hell hound (Depths:4)
  A tengu skeleton (Zig:6)
  An orb spider zombie (Crypt:2)
  6 porcupines
  2 sky beasts
  A black bear (Lair:3)
  2 eyes of draining
  A swamp drake (Orc:1)
  A black bear (shapeshifter) (WizLab)
  20 ogres
  53 orc warriors
  12 wolves
  12 ice beasts
  6 necrophages
  A human zombie (Vaults:4)
  12 centaurs
  A fire dragon simulacrum (Crypt:2)
  An ice dragon simulacrum (Crypt:2)
  3 phantoms
  8 big kobolds
  14 crocodiles
  An elf zombie (Crypt:2)
  11 bullfrogs
  A wyvern zombie (D:14)
  2 glowing shapeshifter simulacra
  A gnoll sergeant (Orc:2)
  3 earth elementals
  2 scorpions
  A troll zombie (Crypt:1)
  8 killer bees
  A manticore simulacrum (Crypt:1)
  14 wights
  4 howler monkeys
  3 electric eels
  10 crimson imps
  2 quasits (Depths:1)
  5 hounds
  28 orc priests
  A bullfrog skeleton (D:12)
  A bullfrog zombie (D:7)
  Crazy Yiuf (D:5)
  2 iron imps
  2 basilisk skeletons
  42 orc wizards
  Natasha (twice) (D:4)
  An iguana (D:9)
  10 worker ants
  A lightning spire (Zig:6)
  A big kobold zombie (Ossuary)
  A deep dwarf zombie (Crypt:1)
  A hound zombie (D:6)
  20 mummies
  A howler monkey zombie (D:6)
  11 adders
  10 gnolls
  2 howler monkey skeletons
  A swamp drake zombie (Crypt:1)
  5 shadow imps
  A steam dragon skeleton (Crypt:2)
  2 white imps
  An ufetubus (Depths:1)
  An ooze (D:1)
  An adder zombie (D:6)
  A lava snake skeleton (Crypt:1)
  3 worms
  2 dart slugs
  5 leopard geckos
  158 orcs
  7 bats
  A bat zombie (Crypt:1)
  5 giant cockroaches
  A gnoll zombie (Ossuary)
  6 goblins
  9 hobgoblins
  21 jackals
  69 kobolds
  7 quokkas
  2 ball pythons
  A frilled lizard (D:3)
  2 hobgoblin zombies (Ossuary)
  A jackal zombie (D:5)
  3 kobold zombies (Ossuary)
  An orc zombie (Ossuary)
  A quokka skeleton (D:4)
  2 quokka zombies
  5 rats
  A rat skeleton (Crypt:1)
  2 fire vortices (Volcano)
  3 plants
2243 creatures vanquished.

Vanquished Creatures (collateral kills)
  2 juggernauts (Zig:10)
  Saint Roka (Depths:1)
  Margery (Crypt:1)
  A golden dragon (Depths:2)
  A mutant beast (WizLab)
  2 tentacled monstrosities
  A quicksilver dragon (Vaults:5)
  4 acid blobs (Zig:12)
  A titan (Depths:2)
  A sphinx (Vaults:5)
  4 tengu reavers
  2 revenants (Zig:7)
  3 azure jellies (Zig:12)
  3 deep elf sorcerers
  4 vault wardens
  3 frost giants
  A deep elf elementalist (Vaults:5)
  A ghoul (Crypt:1)
  2 spriggan defenders (Depths:1)
  2 entropy weavers
  17 very ugly things
  3 stone giants
  3 ironheart preservers
  A deep elf demonologist (Elf:3)
  A vampire knight (Depths:2)
  A deep elf annihilator (Elf:3)
  4 deep elf death magi
  2 ettins (Vaults:5)
  A merfolk javelineer (Shoals:4)
  A jiangshi (Crypt:1)
  An eidolon (Crypt:1)
  A deep elf high priest (Elf:3)
  3 yaktaur captains
  A merfolk impaler (Shoals:4)
  4 ogre magi
  4 great orbs of eyes
  2 hydras (Zig:8)
  An ice dragon (Depths:1)
  21 vault guards (Vaults:5)
  12 two-headed ogres
  2 centaur warriors
  2 tengu warriors (Depths:1)
  2 vampire magi (Crypt:1)
  A hell hog (Zig:11)
  A spriggan berserker (Depths:1)
  9 deep troll earth magi
  3 deep troll shamans
  An orc high priest (Zig:10)
  3 hell knights
  A small abomination (Elf:3)
  2 iron trolls
  A skeletal warrior (Crypt:1)
  17 deep trolls
  2 flayed ghosts (Zig:11)
  A swamp dragon (Zig:8)
  A deep elf archer (Vaults:4)
  A deep elf mage (Elf:3)
  4 orc knights
  A large abomination (WizLab)
  2 phantasmal warriors (Crypt:1)
  3 orb spiders
  4 ironbrand convokers
  4 necromancers
  2 orc sorcerers (Zig:10)
  5 wolf spiders (Spider:3)
  22 ugly things
  A shining eye (Zig:12)
  A manticore (Shoals:4)
  3 hornets
  A cyclops (Zig:10)
  A merfolk siren (Shoals:4)
  A moth of wrath (Zig:10)
  A rust devil (Depths:3)
  4 vault sentinels
  2 spiny frogs (Zig:8)
  2 hellions (Zig:11)
  3 demonic crawlers
  19 yaktaurs
  10 jumping spiders
  A shadow dragon simulacrum (Crypt:1)
  A tyrant leech (Zig:8)
  A troll (Vaults:5)
  8 slime creatures
  A bog body (Zig:8)
  A frost giant simulacrum (Zig:5)
  A water elemental (Depths:1)
  17 redbacks
  2 spriggans (Depths:1)
  A wraith (Zig:11)
  A vampire (Vaults:4)
  3 tarantellas (Spider:3)
  A ynoxinul (Zig:5)
  5 hogs (Spider:1)
  A hungry ghost (Zig:5)
  2 neqoxecs
  A vampire mosquito (Zig:8)
  An acid dragon (Vaults:2)
  An insubstantial wisp (Zig:8)
  A hell hound (Zig:11)
  A swamp drake (Zig:8)
  7 orc warriors
  An eye of draining (Zig:12)
  15 ogres
  A manticore zombie (Crypt:1)
  A gnoll sergeant (Orc:2)
  3 orc priests
  4 orc wizards
  A gnoll (D:3)
  An ufetubus (Depths:1)
  9 orcs
  A crawling corpse (Elf:3)
366 creatures vanquished.

Vanquished Creatures (others)
  Asterion (Spider:1)
  A sphinx (Vaults:5)
  An acid blob (Zig:12)
  2 deep elf master archers (Elf:3)
  Kirke (Spider:1)
  A fire giant (Depths:2)
  An azure jelly (Zig:12)
  A frost giant (Vaults:4)
  A balrug (Zig:11)
  2 vault wardens
  3 deep elf sorcerers (Elf:3)
  2 ghouls (Crypt:1)
  A reaper (Crypt:1)
  3 ironheart preservers
  A stone giant (Depths:2)
  A war gargoyle (Vaults:5)
  4 very ugly things
  An entropy weaver (Vaults:5)
  A deep elf demonologist (Elf:3)
  An ettin (Depths:3)
  3 deep elf annihilators (Elf:3)
  A merfolk javelineer (Depths:1)
  A deep elf death mage (Elf:3)
  3 jiangshi (Crypt:1)
  A yaktaur captain (Depths:4)
  2 merfolk impalers (Shoals:4)
  A great orb of eyes (Depths:2)
  2 deep elf high priests (Elf:3)
  3 vault guards
  2 two-headed ogres
  An ogre mage (Vaults:3)
  A hell hog (Zig:11)
  2 deep troll earth magi
  A deep troll shaman (Depths:1)
  A vampire mage (Crypt:1)
  A spriggan berserker (Depths:1)
  3 skeletal warriors (Crypt:1)
  2 deep trolls (Depths:1)
  A necromancer (Crypt:1)
  3 phantasmal warriors
  2 wolf spiders (Spider:4)
  4 ugly things
  3 orb spiders (Spider:4)
  2 deep elf magi (Elf:3)
  A vault sentinel (Vaults:4)
  A hellion (Zig:11)
  A freezing wraith (Crypt:1)
  A yaktaur (Vaults:5)
  A spiny frog (Zig:8)
  A tormentor (Zig:11)
  A merfolk (Shoals:4)
  A red devil (Zig:11)
  A tengu conjurer (Depths:4)
  A jumping spider (Spider:4)
  A hornet (Depths:4)
  A snapping turtle (Shoals:4)
  A bog body (Crypt:1)
  A redback (Spider:4)
  A spriggan (Depths:4)
  A tarantella (Spider:3)
  A dancing weapon (D:8)
  A human (Spider:1)
  An electric eel (Spider:4)
  3 orc warriors (Zig:10)
  A boggart (Depths:2)
  A wight (Zig:11)
  An orc wizard (Orc:2)
  2 orcs
  A fungus (Lair:6)
  2 plants
  2 tentacles (Shoals:4)
108 creatures vanquished.

Grand Total: 2717 creatures vanquished

Notes
Turn   | Place    | Note
-------+----------+-------------------------------------------
     0 | D:1      | Jesh the Spriggan Enchanter began the quest for the Orb.
     0 | D:1      | Reached XP level 1. HP: 9/9 MP: 5/5
   201 | D:1      | Reached skill level 3 in Spellcasting
   428 | D:1      | Reached XP level 2. HP: 11/13 MP: 2/7
   432 | D:1      | Learned a level 2 spell: Ensorcelled Hibernation
  1267 | D:1      | Reached XP level 3. HP: 16/16 MP: 9/9
  1272 | D:1      | Learned a level 3 spell: Confuse
  1276 | D:1      | Learned a level 3 spell: Tukima's Dance
  1716 | D:2      | Gained mutation: You are frail. (-10% HP) [potion of
                  | mutation]
  1716 | D:2      | Gained mutation: Your body sometimes deteriorates upon
                  | taking damage. [potion of mutation]
  1716 | D:2      | Gained mutation: Your mind is acute. (Int +2) [potion of
                  | mutation]
  1734 | D:2      | Reached skill level 4 in Spellcasting
  2280 | D:2      | Reached skill level 5 in Hexes
  2280 | D:2      | Reached XP level 4. HP: 18/18 MP: 3/11
  3646 | D:3      | Lost mutation: You are frail. (-10% HP) [potion of
                  | mutation]
  3646 | D:3      | Lost mutation: Your body sometimes deteriorates upon taking
                  | damage. [potion of mutation]
  3646 | D:3      | Lost mutation: Your mind is acute. (Int +2) [potion of
                  | mutation]
  3646 | D:3      | Gained mutation: You evolve. [potion of mutation]
  3646 | D:3      | Gained mutation: You possess an exceptional clarity of
                  | mind. [potion of mutation]
  3646 | D:3      | Gained mutation: You are partially covered in icy blue
                  | scales. (AC +2) [potion of mutation]
  3646 | D:3      | Gained mutation: Your muscles are strong. (Str +2) [potion
                  | of mutation]
  3854 | D:3      | Reached skill level 5 in Spellcasting
  3854 | D:3      | Reached XP level 5. HP: 24/24 MP: 9/13
  4093 | D:3      | Found a shadowy altar of Dithmenos.
  4101 | D:3      | Became a worshipper of Dithmenos the Shadowed
  4344 | D:3      | Reached skill level 5 in Stealth
  5020 | D:3      | Reached XP level 6. HP: 28/28 MP: 7/14
  5027 | D:3      | Learned a level 3 spell: Dazzling Spray
  5065 | D:3      | Reached * piety under Dithmenos
  6070 | D:4      | Reached XP level 7. HP: 32/32 MP: 12/15
  6113 | D:4      | Reached ** piety under Dithmenos
  6142 | D:4      | Found a snail-covered altar of Cheibriados.
  6143 | D:4      | Noticed Natasha
  6308 | D:4      | Found an ornate altar of the Wu Jian Council.
  6310 | D:4      | Got a dazzling dagger
  6318 | D:4      | Identified the cursed +0 dagger of Integrity {pierce, rC+}
                  | (You found it on level 4 of the Dungeon)
  6373 | D:4      | Reached skill level 10 in Stealth
  6437 | D:4      | Found a sand-covered staircase.
  6442 | Ossuary  | Entered an ossuary
  7582 | D:4      | Found a stormy altar of Qazlal.
  7716 | D:4      | Killed Natasha
  8107 | D:4      | Noticed Natasha
  8119 | D:4      | Killed Natasha
  8359 | D:5      | Entered Level 5 of the Dungeon
  8466 | D:5      | Reached *** piety under Dithmenos
  8466 | D:5      | Reached XP level 8. HP: 33/36 MP: 16/16
  8748 | D:5      | Found a runed door.
  8752 | D:5      | Noticed Crazy Yiuf
  8756 | D:5      | Killed Crazy Yiuf
  9004 | D:5      | You fall through a shaft for 2 floors!
  9165 | D:5      | Found a staircase to the Ecumenical Temple.
  9175 | Temple   | Entered the Ecumenical Temple
  9267 | D:5      | Found Zixah's Assorted Antiques.
  9270 | D:5      | Bought a scroll of identify for 40 gold pieces
  9647 | D:6      | Found a hide-covered altar of Uskayaw.
 10057 | D:7      | You fall through a shaft for 2 floors!
 10057 | D:9      | Found a roughly hewn altar of Beogh.
 10067 | D:9      | Noticed a troll
 10087 | D:9      | Killed a troll
 10087 | D:9      | Reached skill level 15 in Stealth
 10142 | D:8      | Found Reoppus's Armour Shoppe.
 10333 | D:7      | Reached **** piety under Dithmenos
 10443 | D:7      | Reached XP level 9. HP: 40/40 MP: 17/17
 10733 | D:7      | Reached skill level 1 in Fighting
 10734 | D:7      | Noticed Prince Ribbit
 10737 | D:7      | Killed Prince Ribbit
 10928 | D:7      | Gained mutation: Potions are less effective at restoring
                  | your health. [evolution]
 11044 | D:8      | Found Jootof's Antique Weapon Emporium.
 11050 | D:8      | Bought an encrusted short sword for 208 gold pieces
 11050 | D:8      | Identified the cursed +1 short sword of Reinforcement
                  | {venom, Int+4} (You bought it in a shop on level 8 of the
                  | Dungeon)
 11272 | D:8      | Reached skill level 6 in Spellcasting
 11753 | D:8      | Found an iron altar of Okawaru.
 12028 | D:8      | Reached skill level 5 in Dodging
 12293 | D:8      | Found Xoqianem's Armour Shoppe.
 12532 | D:9      | Found a staircase to the Orcish Mines.
 12576 | D:9      | Reached ***** piety under Dithmenos
 12762 | D:9      | Found a sacrificial altar of Ru.
 12762 | D:9      | Found a burning altar of Makhleb.
 12763 | D:9      | Found a white marble altar of Elyvilon.
 12818 | D:9      | Reached XP level 10. HP: 39/47 MP: 8/20
 13200 | D:9      | Noticed an elephant
 13206 | D:9      | Killed an elephant
 13256 | D:9      | Noticed Grum
 13264 | D:9      | Killed Grum
 13264 | D:9      | Reached skill level 7 in Spellcasting
 13729 | D:9      | Found a staircase to the Lair.
 13748 | D:9      | Reached skill level 5 in Short Blades
 14152 | D:10     | Entered Level 10 of the Dungeon
 14455 | D:10     | Noticed a two-headed ogre
 14481 | D:10     | Killed a two-headed ogre
 14718 | D:10     | Reached skill level 8 in Spellcasting
 15076 | D:10     | Reached XP level 11. HP: 53/53 MP: 24/24
 15132 | D:11     | Noticed a brown ugly thing
 15135 | D:11     | Killed a brown ugly thing
 15214 | D:11     | Noticed a red ugly thing
 15250 | D:11     | Killed a red ugly thing
 15315 | D:11     | Noticed Harold
 15326 | D:11     | Killed Harold
 15523 | D:11     | Found Boudi's Antique Weapon Shop.
 16322 | D:12     | Reached ****** piety under Dithmenos
 16357 | D:12     | Noticed a two-headed ogre
 16360 | D:12     | Killed a two-headed ogre
 16360 | D:12     | Reached skill level 9 in Spellcasting
 16372 | D:12     | Noticed a two-headed ogre
 16375 | D:12     | Killed a two-headed ogre
 16375 | D:12     | Reached skill level 5 in Fighting
 16400 | D:12     | Noticed Maurice
 16418 | D:12     | Killed Maurice
 16974 | D:13     | Reached XP level 12. HP: 60/60 MP: 8/26
 17166 | D:13     | Noticed a centaur warrior
 17172 | D:13     | Killed a centaur warrior
 17172 | D:13     | Reached skill level 10 in Dodging
 17190 | D:13     | Gained mutation: Your system is resistant to poisons.
                  | (rPois) [evolution]
 17546 | D:13     | Reached skill level 10 in Hexes
 17600 | D:13     | Noticed a vault guard
 17613 | D:13     | Killed a vault guard
 17613 | D:13     | Reached skill level 10 in Spellcasting
 17724 | D:13     | Found a gate to the Vaults.
 17838 | D:14     | Noticed a six-headed hydra
 17850 | D:14     | Killed a six-headed hydra
 17914 | D:14     | Noticed Snorg
 17916 | D:14     | Killed Snorg
 17984 | D:14     | Lost mutation: Potions are less effective at restoring your
                  | health. [evolution]
 18104 | D:14     | Found a shattered altar of Ashenzari.
 18238 | D:14     | Noticed a centaur warrior
 18298 | D:14     | Killed a centaur warrior
 18444 | D:14     | Found an opulent altar of Gozag.
 18448 | D:14     | Found a deep blue altar of Sif Muna.
 18448 | D:14     | Found a shimmering altar of Xom.
 18450 | D:14     | Found a snail-covered altar of Cheibriados.
 18450 | D:14     | Found a sacrificial altar of Ru.
 18450 | D:14     | Found a deep blue altar of Sif Muna.
 18737 | Lair:1   | Entered Level 1 of the Lair of Beasts
 18830 | Lair:1   | Found a dark tunnel.
 18838 | Volcano  | Entered a volcano
 18942 | Volcano  | Reached XP level 13. HP: 48/65 MP: 24/28
 19977 | Lair:2   | Found a staircase to the Shoals.
 20593 | Lair:3   | Reached skill level 11 in Spellcasting
 20774 | Lair:3   | Noticed Sonja
 20781 | Lair:3   | Killed Sonja
 21117 | Lair:3   | Reached skill level 1 in Evocations
 21255 | Lair:3   | You fall through a shaft for 2 floors!
 21838 | Lair:3   | Found a hole to the Spider Nest.
 22234 | Lair:4   | Noticed Urug
 22239 | Lair:4   | Killed Urug
 22839 | Lair:5   | Got a faintly glowing buckler
 22845 | Lair:5   | Identified the +2 buckler "Coutifia" {+Fly} (You found it
                  | on level 5 of the Lair of Beasts)
 23180 | Lair:6   | Entered Level 6 of the Lair of Beasts
 23276 | Lair:6   | Reached XP level 14. HP: 48/72 MP: 1/30
 23434 | Lair:6   | Found a staircase to the Slime Pits.
 23435 | Lair:6   | Found a viscous altar of Jiyva.
 23909 | Lair:6   | Reached skill level 10 in Short Blades
 24588 | Lair:6   | Reached skill level 5 in Evocations
 24816 | Lair:6   | Reached skill level 12 in Spellcasting
 25476 | Orc:1    | Entered Level 1 of the Orcish Mines
 25915 | Orc:1    | Gained mutation: Your mind is acute. (Int +2) [evolution]
 26019 | Orc:1    | Found the +2 hat of the Bear Spirit {Spirit, +Rage rN+
                  | MR++}
 26047 | Orc:1    | Got a warped hat
 26053 | Orc:1    | Identified the +1 hat of the Demon Prince {MR- Int+7} (You
                  | found it on level 1 of the Orcish Mines)
 26089 | Orc:2    | Entered Level 2 of the Orcish Mines
 26128 | Orc:2    | Found a staircase to the Elven Halls.
 26303 | Orc:2    | Found a roughly hewn altar of Beogh.
 26308 | Orc:2    | Noticed an orc warlord
 27064 | Orc:2    | Killed an orc warlord
 27552 | Orc:2    | Noticed an orc warlord
 27574 | Orc:2    | Killed an orc warlord
 28108 | Orc:2    | Reached XP level 15. HP: 52/77 MP: 22/32
 28463 | Orc:2    | Found Lassik's General Store.
 28464 | Orc:2    | Found Zykol's Jewellery Shop.
 28465 | Orc:2    | Found Tiunu Ebunn's Antique Armour Shop.
 28465 | Orc:2    | Found Pyirhad's Antique Weapon Boutique.
 28497 | Orc:2    | Bought a runed rapier for 182 gold pieces
 28513 | Orc:2    | Bought a scroll of enchant weapon for 112 gold pieces
 29006 | D:15     | Entered Level 15 of the Dungeon
 29053 | D:15     | Noticed Louise
 29064 | D:15     | Killed Louise
 29113 | D:15     | Got a flickering glass ring
 29115 | D:15     | Identified the ring "Xuiradgha" {rF+ Stlth+} (You found it
                  | on level 15 of the Dungeon)
 29148 | D:15     | Noticed a sphinx
 29153 | D:15     | Killed a sphinx
 29468 | D:15     | Got a translucent tin ring
 29472 | D:15     | Identified the ring "Syjin" {*Contam rElec rN++ EV+2 Dex+2}
                  | (You took it off a necromancer on level 15 of the Dungeon)
 29897 | D:15     | Found a staircase to the Depths.
 29965 | D:15     | Reached skill level 13 in Spellcasting
 29979 | D:15     | Got a bound copper ring
 29982 | D:15     | Identified the ring of Modesty {Fire rElec MR++ Str-2
                  | Slay+2} (You found it on level 15 of the Dungeon)
 30016 | D:15     | Gained mutation: You have a pair of small antennae on your
                  | head. [evolution]
 30018 | D:15     | Noticed a shadow dragon
 30021 | D:15     | Killed a shadow dragon
 30391 | D:15     | Found Cutaum's Antique Armour Boutique.
 30668 | D:15     | Found Ufe Vischid's Book Shop.
 30789 | D:15     | Identified a scroll of acquirement
 30805 | D:15     | Found Siustyxkie's Weapon Shoppe.
 31062 | Depths:1 | Entered Level 1 of the Depths
 31176 | Depths:1 | Reached XP level 16. HP: 84/84 MP: 32/34
 31713 | Shoals:1 | Entered Level 1 of the Shoals
 32399 | Shoals:1 | Reached skill level 15 in Dodging
 32798 | Shoals:2 | Lost mutation: Your mind is acute. (Int +2) [evolution]
 33892 | Shoals:3 | Noticed Polyphemus
 33901 | Shoals:3 | Noticed Roxanne
 33902 | Shoals:3 | Killed Polyphemus
 34398 | Shoals:3 | Found Yvolom's General Store.
 34398 | Shoals:3 | Noticed Ilsuiw
 34401 | Shoals:3 | Killed Ilsuiw
 34407 | Shoals:3 | Reached skill level 14 in Spellcasting
 34573 | Shoals:3 | Bought a potion of cancellation for 136 gold pieces
 34573 | Shoals:3 | Bought 2 potions of curing for 102 gold pieces
 34573 | Shoals:3 | Bought 2 scrolls of fear for 119 gold pieces
 34573 | Shoals:3 | Bought a potion of curing for 51 gold pieces
 35161 | Shoals:4 | Entered Level 4 of the Shoals
 35365 | Shoals:3 | Identified the Grimoire of Poisonous Bewitchment (You
                  | acquired it on level 3 of the Shoals)
 35505 | Elf:1    | Entered Level 1 of the Elven Halls
 35609 | Elf:1    | Reached skill level 15 in Hexes
 35657 | Elf:1    | Found a ruined gateway.
 35664 | Desolati | Entered the Desolation of Salt
 35714 | Desolati | Got a heavily runed golden amulet
 36030 | Desolati | Identified the Incunabulum of Earth and Confrontation
 36142 | Desolati | Got a bound golden amulet
 36208 | Elf:1    | Identified the amulet of Omoolub {Reflect Int+2 SH+2} (You
                  | found it in the Desolation of Salt)
 36210 | Elf:1    | Identified the amulet of Akixeunt {Spirit rPois rC+++ MR-
                  | Dex+4} (You found it in the Desolation of Salt)
 36431 | Elf:1    | Reached XP level 17. HP: 81/88 MP: 31/36
 36686 | Elf:1    | Got a crude turquoise ring
 36691 | Elf:1    | Identified the ring of the Catamount {MR+ Stlth+} (You
                  | found it on level 1 of the Elven Halls)
 37064 | Elf:1    | Reached skill level 10 in Fighting
 37104 | Elf:1    | Got a sparkling bone ring
 37105 | Elf:1    | Identified the ring of the Last Allies {rC+ rN++ Int+6}
                  | (You found it on level 1 of the Elven Halls)
 37731 | Elf:1    | Gained mutation: You expend magic power (3 MP) to
                  | strengthen your wands. [evolution]
 37731 | Elf:1    | Lost mutation: You evolve. [end of evolution]
 38859 | Elf:2    | Found a runed gate.
 39219 | Elf:2    | Found a runed gate.
 39219 | Elf:2    | Found a runed gate.
 39284 | Elf:3    | Entered Level 3 of the Elven Halls
 40164 | Spider:1 | Entered Level 1 of the Spider Nest
 40164 | Spider:1 | Noticed Kirke
 40164 | Spider:1 | Noticed Asterion
 41621 | Shoals:4 | Learned a level 8 spell: Discord
 41645 | Shoals:4 | Reached skill level 15 in Spellcasting
 42389 | Shoals:4 | Got a barnacled rune of Zot
 42772 | Vaults:1 | Entered Level 1 of the Vaults
 42799 | Vaults:1 | Reached skill level 15 in Short Blades
 42803 | Vaults:1 | Reached XP level 18. HP: 95/95 MP: 30/38
 43484 | Vaults:1 | Found Wasuilyu's Gadget Shop.
 44277 | Vaults:2 | Found a magical portal.
 44282 | WizLab   | Entered Cigotuvi's Fleshworks
 44657 | WizLab   | Identified the cursed ring "Boaxonwa" {rElec AC-3 Slay+3}
                  | (You found it in a wizard's laboratory)
 44678 | WizLab   | Paralysed by a floating eye for 3 turns
 44691 | WizLab   | Paralysed by a floating eye for 2 turns
 44961 | WizLab   | Identified Cigotuvi's Compendium of Ghastly Moulding
 44966 | WizLab   | Identified the Catalogue of Changing
 46300 | Vaults:2 | Found Gozag's Antique Armour Shop.
 46301 | Vaults:2 | Found Gozag's Antique Weapon Boutique.
 46307 | Vaults:2 | Found an opulent altar of Gozag.
 46359 | Vaults:2 | Noticed a tentacled monstrosity
 46383 | Vaults:2 | Killed a tentacled monstrosity
 46502 | Vaults:2 | Found Gozag's Antique Armour Shop.
 47305 | Vaults:2 | Learned a level 5 spell: Dispel Undead
 47452 | Vaults:2 | Reached XP level 19. HP: 100/100 MP: 28/39
 47754 | Vaults:2 | Reached skill level 1 in Necromancy
 48461 | Vaults:3 | Reached skill level 16 in Spellcasting
 48624 | Vaults:3 | Noticed Boris
 48659 | Vaults:3 | Killed Boris
 49548 | Vaults:3 | Found a staircase to the Crypt.
 50036 | Vaults:4 | Noticed Mennas
 50037 | Vaults:4 | Killed Mennas
 51625 | Vaults:4 | Reached XP level 20. HP: 106/106 MP: 38/41
 52301 | Spider:1 | Killed Kirke
 52323 | Spider:1 | Killed Asterion
 52381 | Spider:1 | Noticed Jorgrun
 52393 | Spider:1 | Killed Jorgrun
 53792 | Spider:3 | Reached skill level 5 in Necromancy
 54906 | Spider:4 | Entered Level 4 of the Spider Nest
 54972 | Spider:4 | Reached skill level 17 in Spellcasting
 56950 | Spider:4 | Got a gossamer rune of Zot
 57501 | Crypt:1  | Entered Level 1 of the Crypt
 58387 | Crypt:1  | Identified the +0 robe "Iwoqoneuwuy" {Dex+2} (You took it
                  | off a necromancer on level 1 of the Crypt)
 58449 | Crypt:1  | Reached XP level 21. HP: 94/112 MP: 43/43
 58523 | Crypt:1  | Noticed Jory
 58535 | Crypt:1  | Killed Jory
 59160 | Crypt:1  | Noticed Margery
 59169 | Crypt:1  | Killed Margery
 59681 | Crypt:1  | Reached skill level 18 in Spellcasting
 59700 | Crypt:1  | Noticed an ancient lich
 59731 | Crypt:1  | Killed an ancient lich
 60001 | Crypt:1  | Noticed Mara
 60004 | Crypt:1  | Noticed Jesh's illusion
 60006 | Crypt:1  | Noticed Boris
 61184 | Crypt:1  | Killed Boris
 61723 | Crypt:1  | Killed Mara
 62299 | Crypt:2  | Reached skill level 19 in Spellcasting
 62333 | Crypt:2  | Noticed Xtahua
 62358 | Crypt:2  | Killed Xtahua
 63286 | Crypt:3  | Entered Level 3 of the Crypt
 63917 | Crypt:3  | Reached XP level 22. HP: 119/119 MP: 46/46
 64056 | Crypt:3  | Found a staircase to the Tomb.
 64310 | Crypt:3  | Identified Askepuvo's Reference Book on Creative
                  | Enhancements
 64365 | Crypt:3  | Learned a level 6 spell: Deflect Missiles
 64536 | Crypt:3  | Reached skill level 1 in Charms
 64589 | Crypt:3  | Reached skill level 1 in Air Magic
 64803 | Crypt:3  | Found an ancient bone altar of Kikubaaqudgha.
 64812 | Crypt:3  | Reached skill level 20 in Spellcasting
 64816 | Crypt:3  | Noticed an ancient lich
 64818 | Crypt:3  | Killed an ancient lich
 65027 | Crypt:3  | Learned a level 5 spell: Summon Mana Viper
 65047 | Crypt:3  | Identified the Collected Works on Twisted Ice
 66364 | Depths:1 | Noticed the Enchantress
 66373 | Depths:1 | Reached skill level 5 in Charms
 67232 | Depths:1 | Killed the Enchantress
 68392 | Depths:1 | Noticed Saint Roka
 68410 | Depths:1 | Killed Saint Roka
 68594 | Depths:1 | Identified the +4 faerie dragon scales {+Inv rCorr Int+5
                  | Slay+2} (You took it off the Enchantress on level 1 of the
                  | Depths)
 68724 | Depths:1 | Found a one-way gate leading to the halls of Pandemonium.
 69282 | Depths:1 | Found a gateway to Hell.
 69922 | Elf:2    | Reached skill level 15 in Fighting
 69973 | Elf:2    | Reached skill level 5 in Air Magic
 71744 | Elf:3    | Noticed Donald
 71769 | Elf:3    | Killed Donald
 71769 | Elf:3    | Reached skill level 21 in Spellcasting
 71769 | Elf:3    | Reached XP level 23. HP: 125/125 MP: 40/49
 74264 | Vaults:5 | Entered Level 5 of the Vaults
 74309 | Vaults:5 | Noticed an ancient lich
 74311 | Vaults:5 | Killed an ancient lich
 74355 | Vaults:5 | Reached skill level 22 in Spellcasting
 74715 | Vaults:5 | Noticed an ancient lich
 74725 | Vaults:5 | Killed an ancient lich
 75661 | Vaults:5 | Noticed Sojobo
 75700 | Vaults:5 | Killed Sojobo
 76384 | Vaults:5 | Noticed Boris
 76393 | Vaults:5 | Killed Boris
 76542 | Vaults:5 | Reached XP level 24. HP: 129/134 MP: 30/50
 76640 | Vaults:5 | Reached skill level 23 in Spellcasting
 76657 | Vaults:5 | Got a silver rune of Zot
 78049 | Vaults:5 | Identified the +9 dagger of Purpose {chaos, Str+4} (You
                  | found it on level 5 of the Vaults)
 78561 | Depths:2 | Found a one-way gate to the infinite horrors of the Abyss.
 80432 | Depths:3 | Reached skill level 24 in Spellcasting
 82071 | Depths:3 | Gained mutation: You are frail. (-10% HP) [a cacodemon]
 82321 | Depths:3 | Found a shimmering altar of Xom.
 82859 | Depths:4 | Reached skill level 25 in Spellcasting
 83251 | Depths:4 | Found a gateway to a ziggurat.
 83508 | Depths:4 | Reached XP level 25. HP: 116/126 MP: 50/53
 84207 | Depths:4 | Reached skill level 26 in Spellcasting
 84242 | Hell     | Entered the Vestibule of Hell
 84242 | Hell     | Noticed Geryon
 84248 | Hell     | Killed Geryon
 84387 | Depths:5 | Entered Level 5 of the Depths
 85568 | Depths:5 | Found a gate to the Realm of Zot.
 85802 | Zig:1    | Entered Level 1 of a ziggurat
 85804 | Zig:1    | Reached skill level 27 in Spellcasting
 85812 | Zig:2    | Entered Level 2 of a ziggurat
 85838 | Zig:3    | Entered Level 3 of a ziggurat
 85838 | Zig:3    | Found the +9 sword of Zonguldrok {reap}
 85869 | Zig:3    | Got a fine bronze ring
 85870 | Zig:3    | Identified the ring "Athrivam" {rCorr rPois Str-5 Int+5}
                  | (You found it on level 3 of a ziggurat)
 86025 | Zig:4    | Entered Level 4 of a ziggurat
 86502 | Zig:5    | Entered Level 5 of a ziggurat
 86868 | Zig:5    | Identified the Incunabulum of the Supportive Voyage (You
                  | acquired it on level 5 of a ziggurat)
 86878 | Zig:6    | Entered Level 6 of a ziggurat
 87133 | Zig:6    | Got a glittering zirconium amulet
 87137 | Zig:6    | Identified the amulet "Ivuis" {Harm *Drain +Fly MP+9 Str+2}
                  | (You found it on level 6 of a ziggurat)
 87145 | Zig:7    | Entered Level 7 of a ziggurat
 87507 | Zig:8    | Entered Level 8 of a ziggurat
 87972 | Zig:9    | Entered Level 9 of a ziggurat
 87975 | Zig:9    | Noticed a greater mummy
 87975 | Zig:9    | Noticed a greater mummy
 87976 | Zig:9    | Noticed a greater mummy
 87979 | Zig:9    | Noticed a greater mummy
 88000 | Zig:9    | Identified the Grimoire of the Tortoise
 88002 | Zig:10   | Entered Level 10 of a ziggurat
 88690 | Zig:10   | Noticed a juggernaut
 88691 | Zig:10   | Noticed a juggernaut
 88691 | Zig:10   | Noticed a juggernaut
 88707 | Zig:10   | Killed a juggernaut
 88712 | Zig:10   | Killed a juggernaut
 88753 | Zig:10   | Killed a juggernaut
 89106 | Zig:10   | Identified the Handbook of Freezing Poisoning
 89145 | Zig:11   | Entered Level 11 of a ziggurat
 89180 | Zig:12   | Entered Level 12 of a ziggurat
 89516 | Zig:12   | Gained mutation: Your magical capacity is low. (-10% MP) [a
                  | shining eye]
 89681 | Zig:13   | Entered Level 13 of a ziggurat
 89694 | Zig:13   | Noticed a shard shrike
 89698 | Zig:13   | Killed a shard shrike
 89698 | Zig:13   | Reached XP level 26. HP: 9/132 MP: 41/49
 89702 | Zig:13   | Killed from afar by an oklob plant

Vault maps used:
D:1:      minmay_arrival_stone_box, serial_bayou_pond_d
D:2:      first_ration
D:3:      minmay_goblin_kobold_castle, nicolae_dithmenos_through_a_glass_darkly
D:4:      lemuel_coloured_pillars_altar, lemuel_crystal_altar,
          old_standard_altar, portal_sewer_entry_e, enter_ossuary_5,
          minivault_5, uniq_natasha
D:5:      temple_green, serial_shops, nicolae_shop_behind_doors,
          uniq_crazy_yiuf_cottage
D:6:      serial_glass, glass_columns_a, glass_columns_c, basic_altar
D:7:      uniq_prince_ribbit1
D:8:      marbit_many_paths, serial_shops, shop, shop,
          nicolae_shop_temple_entry_statues_fountains
D:9:      gammafunk_temple_overflow_forgotten, david_lair_generic,
          hiddenorc2_lemuel, special_room, uniq_grum
D:11:     serial_shops, shop, uniq_harold
D:12:     uniq_maurice
D:13:     david_vaults_5, grunt_livestock, palyth_stone_intersect
D:14:     lemuel_crystal_altar, doesnt_xom_only_xom, uniq_snorg
D:15:     hangedman_spin_cycle, uniq_louise
Temple:   eino_temple_lava
Lair:1:   enter_volcano_2
Lair:2:   minmay_shoals_entry_centaurs, grunt_megastairs_4
Lair:3:   spider_nest_entry_funnel_web, serial_bayou_pond_e,
          hibernation_bobbens, grunt_megastairs_5, serial_bayou_shore_a,
          infiniplex_staircase_pool, minmay_lair_oklob_chamber, uniq_sonja
Lair:4:   uniq_urug
Lair:5:   st_stairs_8, serial_bayou_crossing
Lair:6:   grunt_lair_end_beastmaster, slime_altar_1, columned_hall_lemuel
Shoals:3: serial_shops, shop_statue, uniq_polyphemus, uniq_roxanne, uniq_ilsuiw
Shoals:4: shoals_end_grunt_ice, shoals_ilsuiw_alternative
Spider:1: uniq_kirke, uniq_jorgrun, uniq_asterion
Spider:4: grunt_spider_rune_circles
Orc:1:    portal_ice_cave_entry_ice_beasts, hangedman_minor_magic
Orc:2:    st_orc_congregation, basic_altar
Elf:1:    portal_desolation_entry_ruin, evilmike_minifort
Elf:3:    nooodl_elf_gasket, uniq_donald
Vaults:1: v_rooms_1, v_misc_22, nicolae_vaults_what_the_h,
          nicolae_vaults_bisected_inception, v_misc_19,
          nicolae_vaults_yaktaur_gun_rack, hangedman_vaults_stream,
          grunt_vaults_focal, nicolae_vaults_circle_grid_b, v_misc_26,
          hangedman_vaults_stretched_pinwheel, vaults_room_large_hall,
          nicolae_vaults_alarming, vaults_room_ringed_pool, serial_shops, shop
Vaults:2: ontoclasm_vaults_loading_screen, vaults_mumra_hexcomb,
          kennysheep_vaults_gozag_temple, nicolae_vaults_mini_display_case,
          v_misc_25, ontoclasm_vaults_claustrophobia,
          nicolae_vaults_network_star, nicolae_vaults_asterisk,
          vaults_dpeg_cross, vaults_mumra_minichess, mu_enter_wizlab_7
Vaults:3: v_misc_27, vaults_room_fours, minmay_crypt_entry_vampire_xt,
          st_spiral_rooms, nicolae_vaults_ninety_degrees,
          nicolae_vaults_disjoint_gnomons,
          vaults_standard_mumra_enter_the_diamond, vaults_mumra_hex,
          vaults_dpeg_encased_lava, nicolae_vaults_ring_of_whatevers,
          grunt_vaults_hallway_long, nicolae_vaults_little_ls,
          hangedman_vaults_stretched_pinwheel, nicolae_vaults_specimen_jars,
          uniq_boris
Vaults:4: st_lines, hangedman_vaults_maws, v_misc_11,
          ontoclasm_vaults_loading_screen, nicolae_vaults_border_crossing,
          vaults_room_fours, grunt_vaults_funnel, vaults_standard_mumra_x,
          uniq_mennas
Vaults:5: uniq_boris, uniq_sojobo
Crypt:1:  grunt_deathspiral_small, uniq_jory, uniq_mara, uniq_boris,
          uniq_margery
Crypt:2:  uniq_xtahua
Crypt:3:  quadcrypt_mu
Depths:1: hell_entry, grunt_pan_entry_spiral,
          hangedman_abyss_or_decor_lesser_grid, kennysheep_generic_room_16,
          uniq_enchantress, uniq_saint_roka
Depths:2: minmay_nested_s, minmay_strange_pillars, hangedman_abyss_entry_splay,
          grunt_hell_entry_dis_mu, minmay_staircase_bubble, firewood_loft,
          serial_bayou_shore_b
Depths:3: due_chaos_kobolds, rand_demon_pan_entry_4, abyss_entry, hell_entry,
          nrook_mini_vaults, kennysheep_cluttered_room, st_stairs_5
Depths:4: kb_forest_paths, enter_ziggurat_b, abyss_entry,
          minmay_misc_feat_enclosed, lightli_too_deep
Depths:5: grunt_zot_entry_hairpin, pf_coc_iceberg, pan_entry
Zig:8:    ziggurat_pillar_centre_dead_trees
Zig:12:   ziggurat_pillar_centre_drop
Zig:13:   ziggurat_pillar_centre_oklobs
Ossuary:  ossuary_tomb_3
Volcano:  volcano_aerie
WizLab:   wizlab_cigotuvi

Skill      XL: |  1  2  3  4  5  6  7  8  9 10 11 12 13 14 15 16 17 18 19 20 21 22 23 24 25 |
---------------+----------------------------------------------------------------------------+-----
Spellcasting   | 3 4 5 6 8 9 10 11 12 13 14 15 16 17 19 21 22 25 27 | 27.0
Hexes          | 4 5 7 8 9 10 11 12 13 15 16 18 19 | 19.0
Stealth        | 6 9 12 15 16 17 18 19 20 21 22 23 24 25 26 | 26.1
Fighting       | 2 4 5 6 7 8 9 10 11 12 14 15 16 18 | 18.0
Short Blades   | 3 5 7 8 9 10 12 13 15 16 17 18 21 | 21.0
Dodging        | 5 7 9 11 12 13 14 15 16 17 18 19 20 | 20.0
Evocations     | 4 7 9 |  9.0
Necromancy     | 4 5 |  5.0
Charms         | 8 |  8.0
Air Magic      | 5 |  5.0

Action                   |  1- 3 |  4- 6 |  7- 9 | 10-12 | 13-15 | 16-18 | 19-21 | 22-24 | 25-27 || total
-------------------------+-------+-------+-------+-------+-------+-------+-------+-------+-------++-------
Melee: Dagger            |    35 |     4 |   396 |   493 |   625 |       |       |       |       ||  1553
       Short sword       |    87 |   269 |    44 |       |       |       |       |       |       ||   400
       Rapier            |       |       |       |       |   207 |   874 |  1232 |  1036 |   223 ||  3572
 Cast: Corona            |    11 |     4 |       |     1 |     1 |       |       |       |       ||    17
       Ensorcelled Hiber |    25 |    47 |    51 |    90 |   114 |    72 |    61 |    31 |     4 ||   495
       Confuse           |     1 |    10 |    42 |    41 |    33 |    19 |    67 |    84 |     8 ||   305
       Tukima's Dance    |       |     1 |     2 |       |     2 |     2 |       |       |       ||     7
       Dazzling Spray    |       |     2 |     4 |     9 |    74 |   130 |    75 |    59 |     7 ||   360
       Discord           |       |       |       |       |       |    10 |    23 |    45 |    23 ||   101
       Dispel Undead     |       |       |       |       |       |       |   101 |    41 |    10 ||   152
       Deflect Missiles  |       |       |       |       |       |       |       |     1 |       ||     1
       Summon Mana Viper |       |       |       |       |       |       |       |     9 |    11 ||    20
Invok: Shadow Step       |       |       |       |     2 |     6 |    12 |     3 |    13 |     9 ||    45
 Abil: Evoke Invisibilit |       |       |       |       |       |       |       |    20 |    10 ||    30
Evoke: Wand              |       |       |       |     2 |    21 |       |       |       |    20 ||    43
       Lightning rod     |       |       |       |       |     4 |     3 |       |       |       ||     7
  Use: Scroll            |     3 |     4 |    18 |     8 |    20 |    22 |    14 |    17 |    21 ||   127
       Potion            |     1 |     2 |       |     1 |     6 |    12 |    16 |    14 |     7 ||    59
 Stab: Sleeping          |    19 |    26 |    72 |    97 |   195 |   216 |   150 |   113 |    50 ||   938
       Confused          |       |     5 |    14 |    27 |    21 |     8 |    49 |    51 |     4 ||   179
       Distracted        |       |     2 |       |     4 |     1 |     6 |    22 |    26 |     5 ||    66
       Invisible         |       |       |     1 |     7 |    28 |    19 |    17 |    56 |    10 ||   138
  Eat: Ration            |       |     3 |     5 |     3 |     7 |    10 |    16 |    15 |     7 ||    66
Armor: Robe              |    15 |    40 |    52 |    38 |    49 |    60 |    98 |    20 |       ||   372
       Acid dragon scale |       |       |       |       |       |       |       |    92 |    37 ||   129
Dodge: Dodged            |   121 |   288 |   390 |   333 |   659 |   633 |  1093 |   885 |   244 ||  4646
       Deflected         |       |       |       |       |       |       |       |    14 |     6 ||    20
Block: Other             |       |       |       |       |       |    23 |    50 |    44 |    11 ||   128
       Reflection        |       |       |       |       |       |     1 |       |     5 |       ||     6

Table legend:
 A = Non-vault XP
 B = Vault XP
 C = Vault XP percentage of total XP
 D = Non-vault monster count
 E = Vault monster count
 F = Vault count percentage of total count
                 A         B        C        D         E       F
            +---------+---------+-------+---------+---------+-------
      Total |  625396 |  692147 |  52.5 |    1551 |    1125 |  42.0
            +---------+---------+-------+---------+---------+-------
        D:1 |      41 |       0 |   0.0 |      20 |       0 |   0.0
        D:2 |      74 |       0 |   0.0 |      16 |       0 |   0.0
        D:3 |     114 |     379 |  76.9 |      25 |      53 |  67.9
        D:4 |     540 |      35 |   6.1 |      22 |       1 |   4.3
        D:5 |     548 |      40 |   6.8 |      23 |       1 |   4.2
        D:6 |     270 |       0 |   0.0 |      17 |       0 |   0.0
        D:7 |     648 |     259 |  28.6 |      21 |       1 |   4.5
        D:8 |     926 |       0 |   0.0 |      24 |       0 |   0.0
        D:9 |    2372 |    2615 |  52.4 |      22 |      67 |  75.3
       D:10 |    2104 |       0 |   0.0 |      23 |       0 |   0.0
       D:11 |    3677 |    1055 |  22.3 |      25 |       1 |   3.8
       D:12 |    3787 |     402 |   9.6 |      13 |       1 |   7.1
       D:13 |    4588 |    4114 |  47.3 |      32 |      14 |  30.4
       D:14 |    5552 |    1168 |  17.4 |      26 |       1 |   3.7
       D:15 |    3792 |   41988 |  91.7 |       5 |      79 |  94.0
     Lair:1 |    1444 |       0 |   0.0 |       7 |       0 |   0.0
     Lair:2 |    1595 |     306 |  16.1 |       5 |       3 |  37.5
     Lair:3 |    3298 |    2668 |  44.7 |      16 |       7 |  30.4
     Lair:4 |    4110 |     843 |  17.0 |      16 |       1 |   5.9
     Lair:5 |    5874 |     145 |   2.4 |      16 |       1 |   5.9
     Lair:6 |    9103 |    9763 |  51.7 |      31 |      19 |  38.0
   Shoals:1 |    6890 |       0 |   0.0 |      15 |       0 |   0.0
   Shoals:2 |    7756 |       0 |   0.0 |      19 |       0 |   0.0
   Shoals:3 |   15531 |   10558 |  40.5 |      35 |       9 |  20.5
   Shoals:4 |   10993 |   18510 |  62.7 |      25 |      37 |  59.7
   Spider:1 |   15619 |    3711 |  19.2 |      50 |       9 |  15.3
   Spider:2 |   10049 |       0 |   0.0 |      33 |       0 |   0.0
   Spider:3 |   14284 |       0 |   0.0 |      55 |       0 |   0.0
   Spider:4 |   17519 |   19905 |  53.2 |      45 |      38 |  45.8
      Orc:1 |    3902 |    2407 |  38.2 |      36 |      24 |  40.0
      Orc:2 |    8634 |   10695 |  55.3 |      79 |      65 |  45.1
      Elf:1 |   15231 |    7758 |  33.7 |      22 |      13 |  37.1
      Elf:2 |   19560 |   25587 |  56.7 |      33 |      31 |  48.4
      Elf:3 |    8508 |   59248 |  87.4 |      18 |      49 |  73.1
   Vaults:1 |    7111 |   13894 |  66.1 |      15 |      34 |  69.4
   Vaults:2 |   24100 |   25549 |  51.5 |      44 |      32 |  42.1
   Vaults:3 |   16149 |   29210 |  64.4 |      31 |      37 |  54.4
   Vaults:4 |   25527 |   27821 |  52.2 |      43 |      32 |  42.7
   Vaults:5 |   34252 |   96903 |  73.9 |      66 |      80 |  54.8
    Crypt:1 |   41288 |   43097 |  51.1 |      77 |      51 |  39.8
    Crypt:2 |   31045 |    4420 |  12.5 |      49 |       1 |   2.0
    Crypt:3 |       0 |   63211 | 100.0 |       0 |      81 | 100.0
   Depths:1 |   39648 |   18730 |  32.1 |      76 |      39 |  33.9
   Depths:2 |   20971 |   42500 |  67.0 |      28 |      44 |  61.1
   Depths:3 |   27656 |    4424 |  13.8 |      43 |       9 |  17.3
   Depths:4 |   39578 |   26503 |  40.1 |      43 |      25 |  36.8
   Depths:5 |   21156 |   22412 |  51.4 |      28 |      15 |  34.9
       Hell |       0 |    4315 | 100.0 |       0 |       1 | 100.0
      Zig:1 |    2184 |       0 |   0.0 |       1 |       0 |   0.0
      Zig:2 |    4885 |       0 |   0.0 |       3 |       0 |   0.0
      Zig:3 |    3369 |       0 |   0.0 |       3 |       0 |   0.0
      Zig:4 |    4173 |       0 |   0.0 |       4 |       0 |   0.0
      Zig:5 |    3483 |     667 |  16.1 |       8 |       1 |  11.1
      Zig:6 |    4243 |      32 |   0.7 |      12 |       1 |   7.7
      Zig:7 |    8665 |       0 |   0.0 |       6 |       0 |   0.0
      Zig:8 |    7386 |       0 |   0.0 |      13 |       0 |   0.0
      Zig:9 |    4349 |       0 |   0.0 |      18 |       0 |   0.0
     Zig:10 |   16896 |       0 |   0.0 |      19 |       0 |   0.0
     Zig:11 |    2032 |       0 |   0.0 |      13 |       0 |   0.0
     Zig:12 |    9937 |    2113 |  17.5 |      17 |       3 |  15.0
     Zig:13 |   16380 |       0 |   0.0 |      21 |       0 |   0.0
    Ossuary |       0 |     179 | 100.0 |       0 |      16 | 100.0
    Volcano |       0 |    4890 | 100.0 |       0 |      14 | 100.0
     WizLab |       0 |   25465 | 100.0 |       0 |      59 | 100.0
 Desolation |       0 |   11653 | 100.0 |       0 |      25 | 100.0
            +---------+---------+-------+---------+---------+-------
